AoeStats
← Sinople

Nomad

507107376Analyzed
4v4 RM · 17d ago on Sep 16, 2026· 80m 8s· 8 players
Game mode
Random Map
Map size
231×231
Population
200
Speed
Normal
Resources
Standard
Victory
Conquest
Starting age
Dark Age
Ending age
Imperial Age
RankedLock teamsTeams togetherTeam positionsShared explorationLock speedFull tech treeHidden civsTurbo modeCheats
Victory
Defeat
🇨🇭 Italians · Switzerland
1188
+12
🇨🇦 Chinese · Canada
1159
+14
🇳🇱 Mongols · Netherlands
1125
+15
🇧🇷 Dravidians · Brazil
1099
+16
1187
-17
🇷🇪 Aztecs · Réunion
1163
-17
🇫🇷 Mongols · France
1042
-12
🇫🇷 Huns · France
1023
-11
elsuum_93
3:07 Loom
16:45 Feudal Age
17:43 Double-Bit Axe
17:41 Horse Collar
20:20 Castle Age
18:39 Fletching
21:35 Medium Warships
21:25 Bodkin Arrow
24:12 Wheelbarrow
23:22 Town Watch
24:34 Bow Saw
24:26 Heavy Plow
29:59 Hand Cart
29:48 Padded Archer Armor
32:30 Ballistics
35:24 Imperial Age
36:14 Bracer
36:29 Leather Archer Armor
37:17 Chemistry
36:29 Masonry
37:27 Conscription
38:34 Coinage
40:20 Elite Chu Ko Nu
42:48 Capped Ram
45:45 Ring Archer Armor
44:43 Siege Ram
56:33 Bloodlines
56:23 Husbandry
55:45 Cavalier
56:34 Scale Barding Armor
56:39 Forging
58:31 Light Cavalry
59:47 Chain Barding Armor
60:03 Iron Casting
65:16 Plate Barding Armor
65:42 Blast Furnace
69:06 Thumb Ring
69:26 Guard Tower
69:22 Arrowslits
69:44 Great Wall
72:52 Keep
72:49 Architecture
75:07 Town Patrol
75:00 Gold Mining
75:00 Stone Mining
77:01 Stone Shaft Mining
77:03 Gold Shaft Mining
RedReddington
14:56 Feudal Age
13:13 Loom
19:04 Castle Age
18:29 Double-Bit Axe
18:29 Horse Collar
20:24 Wheelbarrow
26:35 Husbandry
28:46 Padded Archer Armor
33:55 Bow Saw
35:19 Fletching
35:30 Padded Archer Armor
37:45 Hand Cart
37:48 Bodkin Arrow
38:29 Town Watch
39:30 Gold Mining
40:27 Ballistics
40:59 Town Patrol
41:29 Bloodlines
41:54 Leather Archer Armor
45:14 Heavy Plow
46:01 Murder Holes
50:57 Imperial Age
49:02 Forging
48:58 Scale Barding Armor
50:00 Gold Shaft Mining
49:15 Stone Mining
52:55 Conscription
52:28 Capped Ram
53:41 Elite Mangudai
54:54 Siege Ram
57:40 Bracer
59:01 Stone Shaft Mining
60:30 Drill
62:06 Chemistry
61:43 Iron Casting
61:14 Siege Engineers
61:20 Masonry
61:21 Fortified Wall
61:13 Caravan
61:44 Coinage
63:05 Parthian Tactics
62:50 Light Cavalry
67:49 Blast Furnace
70:33 Hussar
72:04 Chain Barding Armor
Shibani
14:37 Feudal Age
15:20 Loom
18:39 Castle Age
17:23 Man-at-Arms
17:48 Arson
18:52 Loom
19:11 Double-Bit Axe
19:23 Long Swordsman
20:26 Fletching
20:28 Gambesons
20:44 Squires
22:10 Bow Saw
24:02 Fishing Lines
25:25 Horse Collar
26:23 Scale Mail Armor
frickman
5:37 Loom
14:53 Feudal Age
16:26 Double-Bit Axe
16:39 Gold Mining
16:36 Fishing Lines
18:33 Fletching
19:04 Padded Archer Armor
23:18 Castle Age
22:26 Forging
23:22 Stone Mining
24:33 Thumb Ring
23:48 Crossbowman
24:32 Gillnets
24:55 Medium Warships
25:07 Bodkin Arrow
25:27 Leather Archer Armor
26:03 Wheelbarrow
38:09 Bow Saw
40:33 Hand Cart
41:16 Horse Collar
41:21 Elite Skirmisher
44:59 Hand Cart
48:02 Heavy Plow
51:14 Stone Shaft Mining
52:50 Iron Casting
52:17 Scale Mail Armor
55:38 Imperial Age
54:12 Scale Barding Armor
56:48 Bracer
57:19 Ring Archer Armor
57:28 Conscription
57:29 Town Watch
58:51 Blast Furnace
58:11 Chain Barding Armor
58:25 Ballistics
59:05 Chemistry
57:45 Elite Genoese Crossbowman
58:30 Onager
58:53 Treadmill Crane
60:16 Arbalester
61:16 Murder Holes
61:32 Masonry
65:57 Architecture
70:11 Squires
69:32 Pikeman
69:57 Arson
71:55 Elite Genoese Crossbowman
73:10 Hoardings
75:02 Fortified Wall
Le Duc Maximilien 1er
5:04 Loom
13:00 Feudal Age
15:01 Double-Bit Axe
16:57 Wheelbarrow
16:58 Town Watch
20:09 Castle Age
18:08 Stone Mining
19:10 Horse Collar
19:22 Gold Mining
19:52 Fletching
21:28 Hand Cart
22:01 Padded Archer Armor
25:24 Bodkin Arrow
30:44 Ballistics
30:40 Leather Archer Armor
38:01 Bow Saw
43:15 Imperial Age
44:48 Bracer
45:36 Fishing Lines
47:47 Ring Archer Armor
47:33 Gillnets
49:34 Chemistry
50:23 Paper Money
51:33 Paper Money
51:06 Elite Rattan Archer
54:44 Siege Engineers
60:41 Hoardings
59:51 Treadmill Crane
60:09 Murder Holes
59:50 Light Cavalry
60:40 Bloodlines
60:31 Husbandry
60:38 Scale Barding Armor
61:30 Forging
62:07 Chain Barding Armor
63:50 Iron Casting
66:34 Plate Barding Armor
Sinople
14:13 Feudal Age
12:29 Loom
16:58 Double-Bit Axe
21:32 Castle Age
20:50 Horse Collar
23:28 Bow Saw
23:12 Gold Mining
23:57 Fletching
24:08 Padded Archer Armor
25:20 Wheelbarrow
25:50 Bodkin Arrow
31:20 Leather Archer Armor
31:36 Ballistics
35:52 Thumb Ring
37:02 Hand Cart
37:55 Scale Barding Armor
39:09 Forging
42:52 Imperial Age
42:57 Marauders
43:09 Heavy Cavalry Archer
48:41 Parthian Tactics
49:08 Bracer
49:25 Bloodlines
49:19 Husbandry
52:11 Chain Barding Armor
52:20 Conscription
54:19 Chemistry
60:15 Town Watch
64:30 Light Cavalry
65:53 Hussar
67:55 Plate Barding Armor
71:00 Iron Casting
73:08 Elite Tarkan
80:41 Blast Furnace
Zoraf Le Rose
5:42 Loom
14:20 Feudal Age
16:51 Double-Bit Axe
23:17 Castle Age
21:15 Fletching
41:19 Fishing Lines
42:56 Wheelbarrow
46:17 Hand Cart
46:16 Town Watch
46:49 Bow Saw
47:15 Town Patrol
47:56 Bloodlines
48:14 Gillnets
48:38 Horse Collar
49:15 Light Cavalry
52:41 Imperial Age
49:52 Light Cavalry
50:33 Husbandry
50:41 Heavy Plow
52:39 Scale Barding Armor
53:47 Forging
53:30 Heavy Camel Rider
54:34 Chain Barding Armor
56:08 Conscription
56:44 Hussar
58:10 Iron Casting
63:09 Blast Furnace
66:12 Elite Steppe Lancer
66:59 Gold Mining
67:00 Stone Mining
ilovemytiti
10:32 Loom
17:55 Feudal Age
18:00 Man-at-Arms
23:27 Double-Bit Axe
24:31 Scale Mail Armor
24:41 Forging
25:30 Horse Collar
34:27 Wheelbarrow
34:46 Arson
47:34 Gold Mining
51:39 Castle Age
49:34 Stone Mining
50:48 Fletching
52:46 Bow Saw
52:55 Hand Cart
52:21 Eagle Warrior
53:02 Squires
54:55 Chain Mail Armor
55:16 Iron Casting
58:00 Medium Warships
60:13 Bodkin Arrow
66:01 Imperial Age
72:38 Heavy Plow
Connection lost

Rejoining the realm…

Still unreachable

The connection could not be restored.

Session expired

The server has moved on; the page needs a fresh start.